 Dungeon Crawl Stone Soup version 0.18-a0-1570-gf60b0ab (webtiles) character file.

3044 mrath the Magician (level 9, -6/69 HPs)
             Began as a Demigod Conjurer on Mar 14, 2016.
             Mangled by Canard's ghost (7 damage)
             ... on level 6 of the Dungeon.
             The game lasted 01:07:30 (11338 turns).

mrath the Magician (Demigod Conjurer)              Turns: 11338, Time: 01:07:32

Health: -6/69      AC:  3    Str: 11    XL:     9   Next: 31%
Magic:  21/38      EV: 14    Int: 25    God:
Gold:   409        SH:  0    Dex: 16    Spells: 4 memorised, 12 levels left

rFire  . . .     SeeInvis .     x - staff of power
rCold  . . .     Gourm    .     a - +0 robe
rNeg   . . .     Faith    .     (no shield)
rPois  +         Spirit   .     (no helmet)
rElec  .         Dismiss  .     (no cloak)
rCorr  .         Reflect  .     D - +0 pair of gloves
SustAt +         Harm     .     (no boots)
MR     .....                    (no amulet)
Stlth  ++........               (no ring)
                                f - ring of poison resistance

@: not resistant to hostile enchantments, unstealthy
A: high mp 1, sustain attributes
a: no special abilities


You were on level 6 of the Dungeon.
You were not hungry.

You visited 2 branches of the dungeon, and saw 7 of its levels.

You collected 409 gold pieces.

Inventory:

Hand Weapons
 c - a +0 short sword of electrocution
 p - a +0 hunting sling
 u - a +0 short sword
 F - a +2 whip of freezing
 I - a +0 flail of protection
 M - a +2 dagger of flaming
Missiles
 n - 368 stones
 t - 2 poisoned tomahawks (quivered)
 y - 3 tomahawks
 B - 46 sling bullets
 L - 2 silver tomahawks
Armour
 a - a +0 robe (worn)
 s - a +0 buckler
 D - a +0 pair of gloves (worn)
 E - the cursed +0 leather armour "Ronuegel" {Stlth+, unknown}
   (You found it on level 4 of the Dungeon)

   It makes you more stealthy.
   It has a curse placed upon it.
 G - a +3 scale mail of poison resistance
Magical Staves
 x - an uncursed staff of power (weapon)
Jewellery
 f - a ring of poison resistance (left hand)
Scrolls
 d - a scroll of remove curse
 k - 4 scrolls of magic mapping
 l - a scroll of random uselessness {unknown}
 o - a scroll of amnesia
 r - 2 scrolls of identify
 v - 2 scrolls of immolation {unknown}
 H - a scroll of teleportation {unknown}
Potions
 e - a potion of lignification {unknown}
 g - 2 potions of cancellation {unknown}
 j - 2 potions of haste {unknown}
 m - 2 potions of might {unknown}
 q - 3 potions of flight
 w - a potion of heal wounds {unknown}
 z - 2 potions of cure mutation {unknown}
 A - 3 potions of curing
 C - a potion of degeneration {unknown}
 K - a potion of magic {unknown}
 N - a potion of invisibility {unknown}
Books
 b - a book of Conjurations

   Spells                             Type                      Level
   a - Magic Dart                     Conjuration                  1
   b - Searing Ray                    Conjuration                  2
   c - Dazzling Spray                 Conjuration/Hexes            3
   d - Fulminant Prism                Conjuration/Hexes            4
   e - Iskenderun's Mystic Blast      Conjuration                  4
   f - Iskenderun's Battlesphere      Conjuration/Charms           5
Comestibles
 h - 7 fruits
 i - 3 beef jerkies
 J - a bread ration


   Skills:
 + Level 3.1 Fighting
 - Level 1.0(2.1) Maces & Flails
 + Level 2.9(3.0) Staves
 + Level 3.2 Armour
 + Level 4.3 Dodging
 - Level 1.7 Stealth
 + Level 3.2 Shields
 * Level 7.1 Spellcasting
 + Level 6.4 Conjurations


You had 12 spell levels left.
You knew the following spells:

 Your Spells              Type           Power        Failure   Level  Hunger
a - Magic Dart            Conj           ####         1%          1    None
b - Searing Ray           Conj           #####.       1%          2    None
c - Dazzling Spray        Conj/Hex       ####....     6%          3    None
d - Iskenderun's Mystic   Conj           #####...     6%          4    ###....


Dungeon Overview and Level Annotations

Branches:
Dungeon (6/15)             Temple (1/1) D:5

Shops:
D:4 }

Annotations:
D:4 Menkaure; mrath's ghost, amateur NaBe
D:6 Canard's ghost, novice CeHu


Innate Abilities, Weirdness & Mutations

You have an increased reservoir of magic (+10% MP).
Your attributes are resistant to harm.


Message History

Aim: Canard's ghost, wielding a weapon of freezing (heavily damaged)
The searing ray hits Canard's ghost.
Canard's ghost is severely damaged.
Canard's ghost closely misses you.
The searing ray hits Canard's ghost.
Canard's ghost is severely damaged.
Canard's ghost hits you. Canard's ghost freezes you.
The searing ray hits Canard's ghost.
Canard's ghost is severely damaged.
Canard's ghost hits you!
* * * LOW HITPOINT WARNING * * *
Canard's ghost freezes you.
* * * LOW HITPOINT WARNING * * *
The searing ray hits Canard's ghost.
Canard's ghost is severely damaged.
Canard's ghost says very slowly, "There's no hope."
Canard's ghost hits you!
* * * LOW HITPOINT WARNING * * *
Canard's ghost freezes you!
You die...

#.# #o######## #W.o†o...#
########.# #.# #)# #{#
#W# #@# #.# .. ##.#
....###[.################
.........................
....###.#########.###....
........##### #.# #.##.
#..####...W.### #.# #.##.
#.###.#.###.###....


You could see Canard's ghost.

Vanquished Creatures
  Pikel (D:6)
  Eustachio (D:5)
  Edmund (D:5)
  An ice beast (D:5)
  A slave (D:5)
  2 orc warriors (D:6)
  3 ogres
  5 big kobolds (D:5)
  2 giant frogs
  2 scorpions
  A water moccasin skeleton (D:5)
  A howler monkey (D:4)
  6 crimson imps
  A giant frog zombie (D:6)
  A hound (D:5)
  A jelly (D:5)
  2 orc priests (D:6)
  2 centaur skeletons (D:5)
  A giant frog skeleton (D:5)
  5 orc wizards
  Natasha (thrice) (D:4)
  2 worker ants
  A hound skeleton (D:4)
  2 worker ant zombies (D:5)
  13 gnolls (D:5)
  4 adders
  A howler monkey skeleton (D:3)
  7 oozes
  3 worms
  3 adder skeletons (D:5)
  A dart slug (D:1)
  5 giant geckos
  20 orcs
  3 ball pythons
  4 bats (D:1)
  7 giant cockroaches
  32 goblins
  32 hobgoblins
  4 jackals (D:4)
  7 quokkas
  A giant gecko skeleton (D:4)
  8 giant newts
  8 kobolds
  6 rats
217 creatures vanquished.

Vanquished Creatures (others)
  A slave (D:6)
  A black bear (D:6)
  An adder (D:6)
3 creatures vanquished.

Grand Total: 220 creatures vanquished

Notes
Turn   | Place    | Note
--------------------------------------------------------------
     0 | D:1      | mrath the Demigod Conjurer began the quest for the Orb.
     0 | D:1      | Reached XP level 1. HP: 14/14 MP: 5/5
    74 | D:1      | Reached skill level 2 in Spellcasting
   317 | D:1      | Reached XP level 2. HP: 10/20 MP: 2/7
  1052 | D:1      | Learned a level 2 spell: Searing Ray
  1318 | D:2      | Reached XP level 3. HP: 26/26 MP: 7/9
  1618 | D:2      | Found an oddly glowing altar of Pakellas.
  1666 | D:2      | Reached skill level 3 in Spellcasting
  1964 | D:2      | Found a faded altar to an unknown god.
  2538 | D:3      | Reached XP level 4. HP: 30/33 MP: 9/11
  2993 | D:3      | Found an oddly glowing altar of Pakellas.
  3147 | D:3      | Reached skill level 4 in Spellcasting
  3147 | D:3      | Reached XP level 5. HP: 35/38 MP: 4/14
  3329 | D:3      | Found an iron altar of Okawaru.
  3703 | D:3      | Found a snail-covered altar of Cheibriados.
  4124 | D:4      | Noticed mrath's ghost (amateur NaBe)
  4165 | D:4      | Noticed Menkaure
  4396 | D:4      | Found Ogunu's Gadget Shoppe.
  4744 | D:4      | Noticed Natasha
  4753 | D:4      | Killed Natasha
  4853 | D:4      | Noticed Natasha
  5076 | D:4      | Reached skill level 5 in Conjurations
  5149 | D:4      | Reached XP level 6. HP: 33/45 MP: 10/16
  5151 | D:4      | Killed Natasha
  5272 | D:4      | Got a dazzling leather armour
  5620 | D:4      | Noticed Natasha
  6147 | D:4      | Killed Natasha
  6147 | D:4      | Reached skill level 5 in Spellcasting
  6605 | D:4      | Found a blossoming altar of Fedhas.
  6630 | D:5      | Entered Level 5 of the Dungeon
  6868 | D:5      | Reached XP level 7. HP: 51/51 MP: 18/18
  6895 | D:5      | Learned a level 3 spell: Dazzling Spray
  7446 | D:5      | Found a deep blue altar of Sif Muna.
  7469 | D:5      | Reached skill level 1 in Shields
  7682 | D:5      | Reached skill level 1 in Fighting
  7682 | D:5      | Reached skill level 1 in Maces & Flails
  7682 | D:5      | Reached skill level 1 in Armour
  7727 | D:5      | Found a staircase to the Ecumenical Temple.
  7743 | Temple   | Entered the Ecumenical Temple
  7824 | Temple   | Learned a level 4 spell: Iskenderun's Mystic Blast
  8024 | D:5      | Noticed Eustachio
  8037 | D:5      | Killed Eustachio
  8172 | D:5      | Reached skill level 1 in Staves
  8686 | D:5      | Reached XP level 8. HP: 59/59 MP: 20/20
  8705 | D:5      | Reached skill level 6 in Spellcasting
  9705 | D:6      | Found a shadowy altar of Dithmenos.
  9905 | D:6      | Found a glowing silver altar of Zin.
  9911 | D:6      | Noticed Pikel
 10405 | D:6      | Found an opulent altar of Gozag.
 10736 | D:6      | Found a bloodstained altar of Trog.
 10748 | D:6      | Noticed Edmund
 10751 | D:6      | Noticed Canard's ghost (novice CeHu)
 10754 | D:6      | Reached XP level 9. HP: 61/68 MP: 23/23
 10811 | D:5      | Killed Edmund
 11193 | D:6      | Killed Pikel
 11193 | D:6      | Reached skill level 7 in Spellcasting
 11338 | D:6      | HP: 1/69 [Canard's ghost (13)]
 11338 | D:6      | Mangled by Canard's ghost

Vault maps used:
D:1:      dpeg_arrival_sounds_slurp, lemuel_another_geyser
D:2:      ecumenical_altar_1, hangedman_decor_clover_reticule,
          grunt_pakellas_mercury
D:3:      lemuel_doored_altar, old_standard_altar, cheibriados_altar_1
D:4:      kennysheep_little_box, first_bread, serial_shops, shop, uniq_natasha,
          uniq_menkaure
D:5:      minmay_goblin_kobold_castle, led_sif_book,
          minmay_temple_entry_nine_rooms, uniq_eustachio
D:6:      nicolae_gozag_cash_rules_everything_around_me, lemuel_crystal_altar,
          nicolae_overflow_crystal_walls, lemuel_crystal_altar,
          grunt_dithmenos_smoke_and_mirrors, uniq_edmund, uniq_pikel
Temple:   nicolae_temple_hex_pool

Skill      XL: |  1  2  3  4  5  6  7  8  9 |
---------------+----------------------------+-----
Spellcasting   | 2 3 4 5 6 7 |  7.1
Conjurations   | 4 5 6 |  6.4
Dodging        | 2 4 |  4.3
Shields        | 1 2 3 |  3.2
Fighting       | 1 2 3 |  3.1
Maces & Flails | 1 |  1.0
Armour         | 2 3 |  3.2
Staves         | 1 2 |  2.9
Stealth        | |  1.7

Action                   |  1- 3 |  4- 6 |  7- 9 || total
-------------------------+-------+-------+-------++-------
Melee: Unarmed           |     7 |       |       ||     7
       Dagger            |    26 |       |       ||    26
       Short sword       |       |    83 |       ||    83
       Staff             |       |       |    23 ||    23
 Cast: Magic Dart        |    94 |    79 |   243 ||   416
       Searing Ray       |     2 |    14 |    40 ||    56
       Iskenderun's Myst |       |       |     1 ||     1
       Dazzling Spray    |       |       |     3 ||     3
  Use: Scroll            |       |     3 |     4 ||     7
 Stab: Sleeping          |       |     1 |       ||     1
       Distracted        |       |       |     1 ||     1
  Eat: Chunk             |     5 |    13 |    11 ||    29
       Pizza             |       |       |     2 ||     2
